 Dungeon Crawl Stone Soup version 0.30.1-1-g62c8e00024 (webtiles) character file.

Game seed: 2426802382693708777

233 safid the Chiller (level 6, -1/47 HPs)
             Began as a Merfolk Ice Elementalist on July 14, 2023.
             Slain by Grinder (2 damage)
             ... on level 3 of the Dungeon.
             The game lasted 00:05:22 (2567 turns).

safid the Chiller (Merfolk Ice Elementalist)        Turns: 2567, Time: 00:05:22

Health: -1/47      AC:  8    Str:  8    XL:     6   Next: 5%
Magic:  7/11       EV: 12    Int: 16    God:
Gold:   162        SH:  0    Dex: 15    Spells: 5/12 levels left

rFire   . . .        g - +0 dagger (speed)
rCold   . . .        (no shield)
rNeg    . . .        h - +0 robe {Will+}
rPois   .            (no helmet)
rElec   .            (no cloak)
rCorr   .            (no gloves)
SInv    .            (no boots)
Will    +....        (no amulet)
Stlth   ++           (no ring)
HPRegen 0.27/turn    (no ring)
MPRegen 0.12/turn

%: no passive effects
@: ice-armoured
A: (nimble swimmer 2), mertail
a: no special abilities


You were on level 3 of the Dungeon.
You visited 1 branch of the dungeon, and saw 3 of its levels.

You collected 162 gold pieces.

Inventory:

Hand Weapons
 g - a +0 dagger of speed (weapon)
Armour
 h - a +0 robe of willpower (worn)
Wands
 j - a wand of mindburst (2)
 l - a wand of paralysis (4)
Scrolls
 d - 2 scrolls of noise {unknown}
 e - 3 scrolls of identify {unknown}
 k - a scroll of enchant armour {unknown}
Potions
 a - a potion of mutation {unknown}
 b - a potion of magic
 c - a potion of lignification {unknown}
 f - a potion of ambrosia {unknown}
 i - 2 potions of haste {unknown}
 m - a potion of curing {unknown}
 n - a potion of might {unknown}


   Skills:
 + Level 3.4 Fighting
 - Level 2.6 Dodging
 - Level 2.1 Stealth
 + Level 3.5 Spellcasting
 + Level 5.7 Ice Magic


You had 5 spell levels left.
You knew the following spells:

 Your Spells              Type           Power      Damage    Failure   Level
a - Freeze                Ice            84%        1d9       1%          1
b - Frozen Ramparts       Ice            42%        1d7       4%          3
c - Ozocubu's Armour      Ice            21%        N/A       4%          3

Your spell library contained the following spells:

 Spells                   Type           Power      Damage    Failure   Level
 Summon Ice Beast         Ice/Summ       12%        N/A       47%         4


Dungeon Overview and Level Annotations

Branches:
Dungeon (3/15)

Altars:

Annotations:
D:3 Grinder


Innate Abilities, Weirdness & Mutations

((You are very nimble when in or above water. (Stealth+, EV+, Speed+++)))
Your lower body shifts to a powerful aquatic tail in water.


Message History

Grinder is severely wounded.
Grinder completely misses you.
You barely miss Grinder.
Grinder is severely wounded.
Grinder gestures at you. You resist with some effort.
You hit Grinder but do no damage. You punch Grinder, but do no damage.
Grinder is severely wounded.
You hit Grinder but do no damage.
Grinder is severely wounded.
Grinder hits you.
You writhe in agony.
You are too injured to fight recklessly!
You are too injured to fight recklessly!
You are too injured to fight recklessly!
You are too injured to fight recklessly!
You are too injured to fight recklessly!
You closely miss Grinder.
Grinder is severely wounded.
Grinder barely misses you.
You hit Grinder but do no damage.
Grinder is severely wounded.
You hit Grinder.
Grinder is severely wounded.
Grinder says, "Are you a fish?" Grinder completely misses you.
You barely miss Grinder.
Grinder is severely wounded.
You hit Grinder.
Grinder is severely wounded.
Grinder hits you.
You writhe in agony.
* * * LOW HITPOINT WARNING * * *
You closely miss Grinder.
Grinder is severely wounded.
Grinder closely misses you.
Casting: Ozocubu's Armour (dangerous; 4% risk of failure)
Confirm with . or Enter, or press ? or * to list all spells.
Your icy armour thickens.
Grinder hits you!
* * * LOW HITPOINT WARNING * * *
You writhe in agony.
You die...

######### #.......#
#.#.....# #.......#
#.......# #..##.#.#.###
#####....@5......
#.......#.##############
#.####.................#
#.#
####..###########.###
#.# #.....#.# #..... #.#
#..##.#.# ###..### #.#
#.....#.###....### #.#
##.#......#.#..... #.#
#..........#.....


You could see Grinder.

Vanquished Creatures
  A gnoll bouda (D:3)
  2 orc wizards (D:3)
  5 gnolls (D:3)
  3 adders
  3 worms
  2 dart slugs
  4 orcs (D:3)
  2 endoplasms (D:1)
  2 giant cockroaches
  4 goblins
  4 hobgoblins
  9 jackals
  8 kobolds
  A quokka (D:2)
  3 ball pythons
  4 bats
  2 frilled lizards (D:3)
  7 rats
66 creatures vanquished.

Notes
Turn   | Place    | Note
-------+----------+-------------------------------------------
     0 | D:1      | safid the Merfolk Ice Elementalist began the quest for the
                  | Orb.
     0 | D:1      | Reached XP level 1. HP: 13/13 MP: 3/3
   264 | D:1      | Reached XP level 2. HP: 20/20 MP: 1/5
   265 | D:1      | Reached skill level 1 in Fighting
   428 | D:1      | Found a faded altar of an unknown god.
   792 | D:2      | Reached XP level 3. HP: 25/26 MP: 4/6
   829 | D:2      | Learned a level 3 spell: Frozen Ramparts
  1143 | D:2      | Reached skill level 5 in Ice Magic
  1270 | D:2      | Reached XP level 4. HP: 32/33 MP: 5/8
  1985 | D:3      | Reached XP level 5. HP: 38/39 MP: 3/9
  2102 | D:3      | Learned a level 3 spell: Ozocubu's Armour
  2120 | D:3      | Reached XP level 6. HP: 26/47 MP: 1/11
  2505 | D:3      | Noticed Grinder
  2567 | D:3      | HP: 1/47 [Grinder (9)]
  2567 | D:3      | Slain by Grinder

Illustrated notes

Levels and vault maps discovered:
D:1:      lightli_arrival_isolated_outpost, layout_basic,
          ebering_ecumenical_altar_box
D:2:      layout_basic, kennysheep_boxes
D:3:      minmay_general_purpose_star, layout_basic,
          nicolae_wu_jian_immortal_techniques, uniq_natasha, uniq_grinder

Skill      XL: |  1  2  3  4  5 |
---------------+----------------+-----
Fighting       | 1 2 3 |  3.4
Ice Magic      | 5 |  5.7
Spellcasting   | 3 |  3.5
Dodging        | |  2.6
Stealth        | |  2.1

Action                     |  1- 3 |  4- 6 || total
---------------------------+-------+-------++-------
  Melee: Unarmed           |     1 |       ||     1
         Dagger            |    46 |    89 ||   135
         Punch             |     2 |     3 ||     5
   Cast: Freeze            |    43 |    21 ||    64
         Frozen Ramparts   |     2 |     5 ||     7
         Ozocubu's Armour  |       |     3 ||     3
   Stab: Sleeping          |     2 |     1 ||     3
 Armour: Robe              |    19 |    15 ||    34
  Dodge: Dodged            |    47 |    25 ||    72
